[Event "Germany Countries-chT Youth 2022"]
[Site "Wiesbaden"]
[Date "2022.10.01"]
[Round "1"]
[White "Guo, Philipp Ziming"]
[Black "Modali, Nikhilamrutha"]
[Result "1-0"]
[ECO "B46"]
[WhiteElo "1851"]
[BlackElo "1355"]
[Annotator "NA RC COMBH"]
[PlyCount "95"]
[EventDate "2022.09.28"]
[EventType "team-tourn"]
[EventRounds "7"]
[EventCountry "GER"]
[SourceTitle "playchess.com"]
[Source "ChessBase"]
[SourceQuality "1"]
[TimeControl "40/5400+30:1800+30"]

1. e4 c5 2. Nf3 e6 3. d4 cxd4 4. Nxd4 Nc6 5. Nc3 a6 6. Nxc6 bxc6 7. Bd3 d5 8. O-O Nf6 9. Re1 Be7 10. e5 Nd7 11. Qg4 g6 12. Bh6 Qb6 13. Rab1 Qb4 14. Qh3 Qh4 15. Qxh4 Bxh4 16. Na4 a5 17. Rbc1 Ba6 18. Bxa6 Rxa6 19. c4 Ra8 20. cxd5 cxd5 21. Rc6 Be7 22. Rec1 Bf8 23. Rc8+ Rxc8 24. Rxc8+ Ke7 25. Bg5+ f6 26. exf6+ Kd6 27. Rd8 Kc7 28. Ra8 h6 29. Bh4 Kb7 30. Rxa5 g5 31. Bg3 Nxf6 32. Be5 Be7 33. Nc5+ Bxc5 34. Rxc5 Rf8 35. f3 Rf7 36. a4 Nd7 37. Rc7+ Kb6 38. Bd6 Rh7 39. b4 Nf6 40. Rxh7 Nxh7 41. Be7 e5 42. Kf2 g4 43. fxg4 Ng5 44. Bxg5 hxg5 45. h4 d4 46. Kf3 d3 47. Ke3 e4 48. hxg5 1-0

[Event "Germany Countries-chT Youth 2022"]
[Site "Wiesbaden"]
[Date "2022.10.01"]
[Round "1"]
[White "Kieselbach, Jannik"]
[Black "Aniol, Nico"]
[Result "0-1"]
[ECO "B33"]
[WhiteElo "1848"]
[BlackElo "1541"]
[Annotator "NA RC COMBH"]
[PlyCount "74"]
[EventDate "2022.09.28"]
[EventType "team-tourn"]
[EventRounds "7"]
[EventCountry "GER"]
[SourceTitle "playchess.com"]
[Source "ChessBase"]
[SourceQuality "1"]
[TimeControl "40/5400+30:1800+30"]

1. e4 c5 2. Nf3 Nc6 3. d4 cxd4 4. Nxd4 Nf6 5. Nc3 e5 6. Ndb5 d6 7. Bg5 a6 8. Na3 b5 9. Nd5 Be7 10. Bxf6 Bxf6 11. c3 Bg5 12. Nc2 O-O 13. a4 bxa4 14. Rxa4 a5 15. Bc4 Rb8 16. b3 Kh8 17. O-O f5 18. exf5 Bxf5 19. Nce3 Bg6 20. Qg4 e4 21. Qe2 Ne5 22. Nc2 Bh6 23. Nd4 Qh4 24. f3 exf3 25. gxf3 Rbe8 26. Qf2 Qh5 27. Ra2 Nxc4 28. bxc4 Bd3 29. Re1 Rxe1+ 30. Qxe1 Bxc4 31. Rxa5 Bxd5 32. c4 Qg6+ 33. Kh1 Bxc4 34. Qe7 Re8 35. Qh4 Bf1 36. Qf2 Bh3 37. Ra1 Be3 0-1

[Event "Germany Countries-chT Youth 2022"]
[Site "Wiesbaden"]
[Date "2022.10.01"]
[Round "1"]
[White "Nizamova, Rita"]
[Black "Goepfert, Gregor"]
[Result "1-0"]
[ECO "C26"]
[WhiteElo "1813"]
[BlackElo "1480"]
[Annotator "NA RC COMBH"]
[PlyCount "73"]
[EventDate "2022.09.28"]
[EventType "team-tourn"]
[EventRounds "7"]
[EventCountry "GER"]
[SourceTitle "playchess.com"]
[Source "ChessBase"]
[SourceQuality "1"]
[TimeControl "40/5400+30:1800+30"]

1. e4 e5 2. Nc3 Nc6 3. g3 Nf6 4. Bg2 Bc5 5. Nf3 d6 6. O-O a6 7. d3 O-O 8. h3 h6 9. Kh2 Be6 10. Nh4 d5 11. exd5 Nxd5 12. Nxd5 Bxd5 13. Bxd5 Qxd5 14. Qg4 Kh7 15. Nf5 Rg8 16. f4 Rae8 17. Qh5 e4 18. Nxg7 Qxh5 19. Nxh5 Kg6 20. g4 f5 21. dxe4 fxg4 22. hxg4 Rxe4 23. Ng3 Re7 24. Bd2 Nd4 25. c3 Ne2 26. Rae1 Rge8 27. Nxe2 Rxe2+ 28. Kh3 Rxe1 29. f5+ Kf6 30. Rxe1 Rxe1 31. Bxe1 Be3 32. Kh4 b5 33. b3 c6 34. Kg3 Ke5 35. Kf3 Bg5 36. Bg3+ Kf6 37. Bf4 1-0

[Event "Germany Countries-chT Youth 2022"]
[Site "Wiesbaden"]
[Date "2022.10.01"]
[Round "1"]
[White "Buchinger, Alexis"]
[Black "Woerz, Ann-Sophie"]
[Result "1/2-1/2"]
[ECO "B07"]
[WhiteElo "1802"]
[BlackElo "1607"]
[Annotator "NA RC COMBH"]
[PlyCount "70"]
[EventDate "2022.09.28"]
[EventType "team-tourn"]
[EventRounds "7"]
[EventCountry "GER"]
[SourceTitle "playchess.com"]
[Source "ChessBase"]
[SourceQuality "1"]
[TimeControl "40/5400+30:1800+30"]

1. e4 d6 2. d4 Nf6 3. Nc3 e5 4. dxe5 dxe5 5. Qxd8+ Kxd8 6. Bg5 Nbd7 7. Bc4 Ke8 8. O-O-O a6 9. Nf3 Bd6 10. Bh4 Nc5 11. Rhe1 b5 12. Bxf6 gxf6 13. Bd5 Rb8 14. Bc6+ Kf8 15. Nd5 Kg7 16. Re3 Ne6 17. Nc3 h5 18. g3 Bc5 19. Re2 Nd4 20. Nxd4 Bxd4 21. f3 Rb6 22. Bd5 a5 23. a3 c6 24. Bb3 Rb8 25. Kb1 a4 26. Ba2 b4 27. Nxa4 bxa3 28. Bb3 axb2 29. Nxb2 Be6 30. Rd3 c5 31. c4 Rb4 32. Rc2 Rhb8 33. Ka2 Ra8+ 34. Kb1 Rab8 35. Ka2 Ra8+ 1/2-1/2

[Event "Germany Countries-chT Youth 2022"]
[Site "Wiesbaden"]
[Date "2022.10.01"]
[Round "1"]
[White "Voigt, Anastasia"]
[Black "Rudolph, Eva"]
[Result "1-0"]
[ECO "B41"]
[WhiteElo "1772"]
[BlackElo "1911"]
[Annotator "TA"]
[PlyCount "85"]
[EventDate "2022.09.28"]
[EventType "team-tourn"]
[EventRounds "7"]
[EventCountry "GER"]
[SourceTitle "playchess.com"]
[Source "ChessBase"]
[SourceQuality "1"]
[TimeControl "40/5400+30:1800+30"]

1. e4 c5 2. Nf3 e6 3. d4 cxd4 4. Nxd4 a6 5. c4 Nf6 6. Nc3 Qc7 7. a3 Nc6 8. Be3 Be7 9. Be2 {[%emt 0:01:44] B41: Sicilian: Kan Variation: 5 c4.} O-O {[%emt 0:04:36] 9...d6 is vanishing.} 10. O-O Rd8 {[%emt 0:07:33] [#]} 11. Qb3 $146 {[%emt 0:04:52] White is slightly better.} ({Predecessor:} 11. Rc1 b6 12. f3 Bb7 13. Nd5 exd5 14. cxd5 Bc5 15. dxc6 dxc6 16. b4 Bd6 17. h3 {0-1 (43) Logozar,E (1884)-Cherniaiev,T (2209) Chess.com INT 2022}) 11... d6 12. Rfd1 Nd7 13. Rac1 b6 14. Qa2 {[%emt 0:07:42][%cal Oc3d5] Threatens to win with Nd5!} Nxd4 15. Bxd4 Bb7 16. f3 Rac8 17. Be3 Bf6 (17... Bg5 $5 18. f4 Bf6 $11) 18. b4 Ne5 19. Na4 (19. Qd2 $5 ) 19... Nd7 20. Qd2 Be7 21. Qd4 e5 ({Black should try} 21... Bc6 $14 22. Nc3 (22. Nxb6 Bf6 $14) 22... Nc5) 22. Qd2 $16 Bc6 23. Nc3 Qb8 24. Nd5 Bxd5 25. cxd5 Qb7 26. a4 Rf8 27. Rxc8 Rxc8 28. Rc1 Kf8 29. Rc2 Bd8 30. Qc1 Rxc2 31. Qxc2 {[%emt 0:00:04] Qc6 is the strong threat.} a5 32. Qc6 Qc7 33. Bb5 Ke7 34. Qxc7 {[%emt 0:06:04] White has more active pieces.} (34. Bg5+ {is interesting.} f6 35. Bd2 Qxc6 36. Bxc6 h5 37. Kf1) 34... Bxc7 35. Bxd7 Kxd7 {[%emt 0:00:12][%mdl 4096] Endgame KB-KB} 36. b5 Ke7 37. Kf2 f6 38. Kg3 Kf7 39. Kg4 Bd8 40. h4 g6 41. f4 (41. h5 $16) 41... Kg7 (41... h5+ $11 42. Kf3 f5) 42. Kf3 Kf7 43. Kg4 {[%emt 0:01:00][%mdl 32768] Weighted Error Value: White=0.12 (very precise) /Black=0.16 (very precise) . Sensor Board Error (Ke4/e5)?} (43. h5 $16) 1-0

[Event "Germany Countries-chT Youth 2022"]
[Site "Wiesbaden"]
[Date "2022.10.01"]
[Round "1"]
[White "Wylie, Leonard"]
[Black "Buchholz, Maja"]
[Result "0-1"]
[ECO "C06"]
[WhiteElo "1721"]
[BlackElo "1765"]
[Annotator "NA RC COMBH"]
[PlyCount "104"]
[EventDate "2022.09.28"]
[EventType "team-tourn"]
[EventRounds "7"]
[EventCountry "GER"]
[SourceTitle "playchess.com"]
[Source "ChessBase"]
[SourceQuality "1"]
[TimeControl "40/5400+30:1800+30"]

1. e4 e6 2. d4 d5 3. Nd2 Nf6 4. e5 Nfd7 5. f4 c5 6. c3 b6 7. Bd3 Ba6 8. Ndf3 Bxd3 9. Qxd3 Nc6 10. Ne2 Be7 11. O-O Qc7 12. f5 c4 13. Qc2 O-O-O 14. fxe6 fxe6 15. Bg5 h6 16. Bxe7 Nxe7 17. Nf4 Nf8 18. Nh4 Rg8 19. Nhg6 Qd7 20. Rf3 Nexg6 21. Nxg6 Qe8 22. Nxf8 Rxf8 23. Rxf8 Qxf8 24. Qg6 Qg8 25. Rf1 Rd7 26. Rf6 Re7 27. Qg4 Kd7 28. Rxh6 Qf7 29. Rh3 b5 30. Rf3 Qe8 31. Qf4 Qg6 32. Qc1 Qe4 33. Qf1 a5 34. b3 Qc2 35. bxc4 dxc4 36. Qa1 b4 37. cxb4 axb4 38. Rf2 Qa4 39. Qc1 c3 40. Qc2 Qxc2 41. Rxc2 Kc6 42. Kf2 Kd5 43. Ke3 Kc4 44. h4 Rd7 45. d5 exd5 46. Rf2 d4+ 47. Ke2 Ra7 48. Kd1 Kd5 49. Re2 Re7 50. g4 Rxe5 51. Rxe5+ Kxe5 52. Kc2 Kf4 0-1

[Event "Germany Countries-chT Youth 2022"]
[Site "Wiesbaden"]
[Date "2022.10.01"]
[Round "1"]
[White "Prinzen, Siri Marleen"]
[Black "Glowiak, Alexandra"]
[Result "1-0"]
[ECO "D02"]
[WhiteElo "1719"]
[BlackElo "1602"]
[Annotator "NA RC COMBH"]
[PlyCount "67"]
[EventDate "2022.09.28"]
[EventType "team-tourn"]
[EventRounds "7"]
[EventCountry "GER"]
[SourceTitle "playchess.com"]
[Source "ChessBase"]
[SourceQuality "1"]
[TimeControl "40/5400+30:1800+30"]

1. d4 d5 2. Bf4 e6 3. e3 Nf6 4. Nd2 Be7 5. Ngf3 Nbd7 6. Bd3 c5 7. c3 O-O 8. Ne5 Qb6 9. Qb1 h6 10. h3 Bd6 11. g4 Bxe5 12. dxe5 Ne8 13. h4 f6 14. exf6 e5 15. fxg7 Kxg7 16. Bg3 e4 17. Be2 Qg6 18. Bf4 Nd6 19. Qc2 c4 20. O-O-O Nf7 21. Rdg1 Kh7 22. h5 Qg7 23. f3 Nb6 24. fxe4 Kh8 25. Nf3 Rg8 26. Nh4 Qf6 27. Ng6+ Kg7 28. Rf1 Qe6 29. exd5 Nxd5 30. Bxc4 b5 31. Bxd5 Qxd5 32. Ne7 Qe6 33. Nxg8 Kxg8 34. Qg2 1-0

[Event "Germany Countries-chT Youth 2022"]
[Site "Wiesbaden"]
[Date "2022.10.01"]
[Round "1"]
[White "Yue, Qizhou"]
[Black "Mukazhanov, Mansur"]
[Result "1/2-1/2"]
[ECO "C07"]
[WhiteElo "1711"]
[BlackElo "1319"]
[Annotator "NA RC COMBH"]
[PlyCount "62"]
[EventDate "2022.09.28"]
[EventType "team-tourn"]
[EventRounds "7"]
[EventCountry "GER"]
[SourceTitle "playchess.com"]
[Source "ChessBase"]
[SourceQuality "1"]
[TimeControl "40/5400+30:1800+30"]

1. e4 e6 2. d4 d5 3. Nd2 c5 4. Ngf3 Nc6 5. exd5 Qxd5 6. Bc4 Qd8 7. Nb3 cxd4 8. Nbxd4 Nxd4 9. Qxd4 Qxd4 10. Nxd4 a6 11. a4 Nf6 12. Bd2 Bc5 13. Nb3 Bd6 14. a5 Bd7 15. Be3 Rc8 16. Bd3 Nd5 17. Bd2 Bc6 18. Nd4 Nf4 19. Bxf4 Bxf4 20. Nxc6 Rxc6 21. Ra4 Be5 22. Rb4 Rc7 23. Be4 Ke7 24. Rxb7 Rxb7 25. Bxb7 Bxb2 26. Kd2 Rd8+ 27. Ke2 Bc3 28. Rd1 Rxd1 29. Kxd1 Bxa5 30. Bxa6 Kd6 31. Ke2 f6 1/2-1/2

[Event "Germany Countries-chT Youth 2022"]
[Site "Wiesbaden"]
[Date "2022.10.01"]
[Round "1"]
[White "Keymer, Cecilia"]
[Black "Alhassan, Jodi"]
[Result "0-1"]
[ECO "B23"]
[WhiteElo "1696"]
[BlackElo "1227"]
[Annotator "NA RC COMBH"]
[PlyCount "120"]
[EventDate "2022.09.28"]
[EventType "team-tourn"]
[EventRounds "7"]
[EventCountry "GER"]
[SourceTitle "playchess.com"]
[Source "ChessBase"]
[SourceQuality "1"]
[TimeControl "40/5400+30:1800+30"]

1. e4 c5 2. Nc3 Nc6 3. f4 g6 4. Nf3 Bg7 5. Bb5 Nd4 6. Bc4 a6 7. O-O b5 8. Be2 e6 9. d3 Nf6 10. e5 Nxe2+ 11. Qxe2 Nd5 12. Ne4 O-O 13. Nxc5 d6 14. Ne4 dxe5 15. fxe5 Qc7 16. Kh1 Kh8 17. d4 Bb7 18. c3 a5 19. Qe1 b4 20. Qh4 f6 21. exf6 Nxf6 22. Neg5 Nh5 23. Nxe6 Qc4 24. Re1 bxc3 25. Nxf8 Rxf8 26. bxc3 Qxc3 27. Bd2 Qa3 28. Re3 Qd6 29. Rae1 Nf4 30. Bxa5 Qd5 31. Bb4 Nxg2 32. Qg3 Nxe1 33. Bxf8 Nxf3 34. Bxg7+ Kxg7 35. Rxf3 Qxf3+ 36. Qxf3 Bxf3+ 37. Kg1 Kf6 38. Kf2 Bc6 39. Ke3 Ke6 40. a3 Kd5 41. Kd3 Bb5+ 42. Ke3 g5 43. h3 h5 44. Kf3 Kxd4 45. Kg3 Bf1 46. a4 Kc5 47. h4 g4 48. Kf2 Bc4 49. Kg3 Kb4 50. a5 Kxa5 51. Kf4 Kb5 52. Kg3 Kc5 53. Kf4 Kd5 54. Kg3 Ke4 55. Kh2 Kf3 56. Kg1 g3 57. Kh1 g2+ 58. Kg1 Bf1 59. Kh2 Kf2 60. Kh3 g1=B# 0-1

[Event "Germany Countries-chT Youth 2022"]
[Site "Wiesbaden"]
[Date "2022.10.01"]
[Round "1"]
[White "Hubert, Charlotte"]
[Black "Falke, Ornella"]
[Result "1/2-1/2"]
[ECO "B44"]
[WhiteElo "1671"]
[BlackElo "1953"]
[Annotator "TA"]
[PlyCount "86"]
[EventDate "2022.09.28"]
[EventType "team-tourn"]
[EventRounds "7"]
[EventCountry "GER"]
[SourceTitle "playchess.com"]
[Source "ChessBase"]
[SourceQuality "1"]
[TimeControl "40/5400+30:1800+30"]

1. e4 c5 2. Nf3 e6 3. d4 cxd4 4. Nxd4 Nc6 5. Nb5 d6 6. c4 Nf6 7. N1c3 a6 {[%emt 0:00:19] B44: Sicilian: Taimanov: 5 Nb5.} 8. Na3 {[%emt 0:00:14] 8.Nd4 is the modern continuation.} Qa5 9. Bd2 Be7 10. Nd5 Qd8 11. Nxe7 Qxe7 12. Bd3 d5 $1 13. exd5 exd5+ 14. Qe2 {[%emt 0:00:40] [#]} Ne5 $146 ({Predecessor:} 14... Qxe2+ 15. Kxe2 Be6 16. c5 O-O-O 17. Rhe1 Ne5 18. f3 Rhe8 19. Bf4 Nc4 20. Bxc4 dxc4 {0-1 (54) Thakur,A (2308)-Xiang,Z (2436) Graz 2019}) 15. O-O {[%emt 0:08:02] [#] Threatens to win with Rae1.} Bg4 16. f3 Nxd3 17. Qxd3 Be6 18. Rac1 O-O 19. Bf4 (19. c5 $11) 19... Qb4 20. Qd2 Qxd2 (20... a5 {is more complex.} 21. Rfd1 Rfc8 22. c5 Nd7) 21. Bxd2 dxc4 22. Nxc4 b5 23. Nb6 Rab8 24. Be3 Rfe8 25. a3 Bf5 26. Bd4 Re6 27. Bxf6 {[%emt 0:00:41] [#] And now Nd7 would win.} Rxf6 28. Nd5 Re6 29. Rfe1 ({White should play} 29. Rfd1 $14) 29... Rxe1+ $11 30. Rxe1 {[%emt 0:00:15][%mdl 4096] Endgame Black must now prevent Ne7+. KRB-KRN} Kf8 31. Rc1 Rd8 32. Ne3 Be6 33. Rd1 Rc8 34. Kf2 {[%emt 0:01:09] The position is equal.} Ke7 35. Ke2 a5 36. Kd2 f5 37. f4 b4 38. axb4 axb4 39. Ra1 Rd8+ 40. Ke2 Rd4 41. Ra7+ Kf6 42. Ra6 h6 43. h4 Re4 {[%emt 0:08:09] Weighted Error Value: White=0.08 (flawless) /Black=0.05 (flawless)} 1/2-1/2

[Event "Germany Countries-chT Youth 2022"]
[Site "Wiesbaden"]
[Date "2022.10.01"]
[Round "1"]
[White "Bezsonna, Polina"]
[Black "Dohon, Maria-Johanna"]
[Result "1-0"]
[ECO "B12"]
[WhiteElo "1649"]
[BlackElo "1430"]
[Annotator "NA RC COMBH"]
[PlyCount "141"]
[EventDate "2022.09.28"]
[EventType "team-tourn"]
[EventRounds "7"]
[EventCountry "GER"]
[SourceTitle "playchess.com"]
[Source "ChessBase"]
[SourceQuality "1"]
[TimeControl "40/5400+30:1800+30"]

1. e4 c6 2. d4 d5 3. e5 c5 4. dxc5 Nc6 5. Nf3 Bg4 6. c3 Bxf3 7. Qxf3 Nxe5 8. Bb5+ Nc6 9. c4 e6 10. cxd5 Qxd5 11. Qxd5 exd5 12. Be3 O-O-O 13. Bxc6 bxc6 14. Bd4 Ne7 15. b4 Ng6 16. O-O Re8 17. Nc3 Nf4 18. Rfe1 Rxe1+ 19. Rxe1 Kd7 20. Rd1 Ne6 21. Be3 a6 22. a4 Be7 23. b5 axb5 24. axb5 Bxc5 25. Bxc5 Nxc5 26. bxc6+ Kxc6 27. Nxd5 Re8 28. Ne3 g6 29. h3 Nb7 30. Ng4 Re6 31. Rc1+ Kd7 32. Ra1 f5 33. Ra7 Kc6 34. Ra6+ Kd7 35. Nf6+ Ke7 36. Rxe6+ Kxe6 37. Nxh7 Nd6 38. Ng5+ Kf6 39. h4 Nc4 40. Kf1 Ne5 41. Ke2 Nc4 42. f3 Ne5 43. Ke3 Nc4+ 44. Kf4 Nb2 45. g4 fxg4 46. fxg4 Nd3+ 47. Ke3 Ne5 48. Ne4+ Kg7 49. Kf4 Nd3+ 50. Kg5 Ne5 51. Kf4 Nd3+ 52. Kg3 Ne5 53. Nc5 Nf7 54. Kf4 Kf6 55. g5+ Kg7 56. Nb7 Kg8 57. Ke4 Kg7 58. Kd5 Kg8 59. Ke6 Kg7 60. Nd6 Nh8 61. Ke7 Kg8 62. Ne8 Nf7 63. Kf6 Nh8 64. Nc7 Kh7 65. Ke7 Kg7 66. Ne6+ Kg8 67. Kf6 Kh7 68. Nf8+ Kg8 69. Nxg6 Nf7 70. Ne7+ Kf8 71. g6 1-0

[Event "Germany Countries-chT Youth 2022"]
[Site "Wiesbaden"]
[Date "2022.10.01"]
[Round "1"]
[White "Haug, Mara"]
[Black "Hoffmann, Sophia"]
[Result "0-1"]
[ECO "C26"]
[WhiteElo "1611"]
[BlackElo "1258"]
[Annotator "NA RC COMBH"]
[PlyCount "72"]
[EventDate "2022.09.28"]
[EventType "team-tourn"]
[EventRounds "7"]
[EventCountry "GER"]
[SourceTitle "playchess.com"]
[Source "ChessBase"]
[SourceQuality "1"]
[TimeControl "40/5400+30:1800+30"]

1. e4 e5 2. Nc3 Nf6 3. g3 Bc5 4. Bg2 Nc6 5. Nge2 d6 6. O-O Be6 7. h3 O-O 8. d3 Nd7 9. Kh2 f5 10. f4 fxe4 11. Nxe4 Bb6 12. Ng5 Qe7 13. Nc3 Rf6 14. Nxe6 Rxe6 15. Bd5 Kh8 16. Bxe6 Qxe6 17. fxe5 Ncxe5 18. Bf4 Nf6 19. Bxe5 Qxe5 20. Qe2 Qg5 21. Rae1 h6 22. Ne4 Nxe4 23. Qxe4 c6 24. Qe7 Qc5 25. c3 Qb5 26. Qe2 Rg8 27. d4 Qg5 28. Rf7 c5 29. dxc5 Bxc5 30. Ref1 Qg6 31. Rxb7 Re8 32. Qf3 Qc2+ 33. Kh1 Qd2 34. Rxg7 Qe3 35. Qxe3 Rxe3 36. Rd7 Kg8 0-1

[Event "Germany Countries-chT Youth 2022"]
[Site "Wiesbaden"]
[Date "2022.10.01"]
[Round "1"]
[White "Pflugradt, Natalie"]
[Black "Nechitailo, Nikita"]
[Result "0-1"]
[ECO "B25"]
[WhiteElo "1518"]
[BlackElo "1651"]
[Annotator "NA RC COMBH"]
[PlyCount "48"]
[EventDate "2022.09.28"]
[EventType "team-tourn"]
[EventRounds "7"]
[EventCountry "GER"]
[SourceTitle "playchess.com"]
[Source "ChessBase"]
[SourceQuality "1"]
[TimeControl "40/5400+30:1800+30"]

1. e4 c5 2. Nc3 g6 3. g3 Bg7 4. Bg2 Nc6 5. f4 d6 6. d3 e6 7. Nf3 Nge7 8. O-O O-O 9. Qe1 Rb8 10. g4 f5 11. h3 Nd4 12. Nxd4 Bxd4+ 13. Kh1 b5 14. Ne2 Bg7 15. Ng1 Bb7 16. Nf3 Nc6 17. exf5 exf5 18. Qe6+ Kh8 19. Ng5 Nd4 20. Nf7+ Rxf7 21. Qxf7 Qh4 22. Bxb7 Qxh3+ 23. Kg1 Qg3+ 24. Kh1 Ne2 0-1

[Event "Germany Countries-chT Youth 2022"]
[Site "Wiesbaden"]
[Date "2022.10.01"]
[Round "1"]
[White "Noennig, Jakob"]
[Black "Trunz, Michelle"]
[Result "0-1"]
[ECO "B50"]
[WhiteElo "1510"]
[BlackElo "1821"]
[Annotator "NA RC COMBH"]
[PlyCount "131"]
[EventDate "2022.09.28"]
[EventType "team-tourn"]
[EventRounds "7"]
[EventCountry "GER"]
[SourceTitle "playchess.com"]
[Source "ChessBase"]
[SourceQuality "1"]
[TimeControl "40/5400+30:1800+30"]

1. e4 c5 2. Nf3 d6 3. c3 Nf6 4. Bc4 e6 5. Qe2 Be7 6. O-O O-O 7. Bb3 b6 8. d3 Bb7 9. Re1 Nc6 10. Nbd2 Qc7 11. Nf1 Rad8 12. Bf4 Rfe8 13. Ng3 Qc8 14. Rad1 Ba6 15. Ba4 Nd7 16. Qd2 b5 17. Bc2 Nde5 18. b4 Nxf3+ 19. gxf3 cxb4 20. d4 bxc3 21. Qxc3 Nxd4 22. Qxd4 e5 23. Bxe5 dxe5 24. Qb2 Bc5 25. Rc1 Bd4 26. Qa3 b4 27. Qa4 Bc3 28. Bb3 Qb7 29. Bd5 Qb6 30. Red1 Bb7 31. Qb3 Bxd5 32. exd5 Rd6 33. a3 a5 34. axb4 axb4 35. Qc4 Red8 36. Rc2 Qb7 37. Nf5 Rg6+ 38. Kh1 Qd7 39. Qe4 Rg5 40. Ng3 Rc8 41. d6 b3 42. Re2 b2 43. Qh4 Rg6 44. Qe7 Rxd6 45. Qxd7 Rxd7 46. Rb1 Rcd8 47. Kg2 Rd1 48. Rexb2 Bxb2 49. Rxb2 g6 50. Rb7 f5 51. Re7 R1d5 52. Ne2 R8d7 53. Re8+ Kf7 54. Ra8 Rd2 55. Ng3 Rc2 56. Ra1 h6 57. Re1 Rdd2 58. Nh1 Kf6 59. Kg3 Rd3 60. Ra1 f4+ 61. Kg2 Rcc3 62. Ra6+ Kf5 63. Ra8 Rxf3 64. Rf8+ Kg4 65. Rg8 g5 66. Rh8 0-1

[Event "Germany Countries-chT Youth 2022"]
[Site "Wiesbaden"]
[Date "2022.10.01"]
[Round "1"]
[White "Meng, Yuxuan"]
[Black "Skembris, Simon Max"]
[Result "0-1"]
[ECO "B33"]
[WhiteElo "1472"]
[BlackElo "1540"]
[Annotator "NA RC COMBH"]
[PlyCount "121"]
[EventDate "2022.09.28"]
[EventType "team-tourn"]
[EventRounds "7"]
[EventCountry "GER"]
[SourceTitle "playchess.com"]
[Source "ChessBase"]
[SourceQuality "1"]
[TimeControl "40/5400+30:1800+30"]

1. e4 c5 2. Nf3 Nc6 3. d4 cxd4 4. Nxd4 Qb6 5. Nb3 Nf6 6. Nc3 e6 7. Be3 Qc7 8. a3 Be7 9. Be2 O-O 10. Qd2 a6 11. f4 d6 12. O-O-O b5 13. g4 Nd7 14. g5 Nc5 15. Kb1 b4 16. Nxc5 bxc3 17. Nxe6 fxe6 18. Qxc3 Bd7 19. h4 Qa5 20. Qd3 Rfb8 21. Ka1 Qb5 22. Qxb5 axb5 23. Kb1 b4 24. axb4 Rxb4 25. b3 Rxe4 26. Rd3 d5 27. Bf3 Rb4 28. Rhd1 g6 29. Bg2 Bf8 30. Rf1 Bg7 31. Kc1 Ra1+ 32. Kd2 Rxf1 33. Bxf1 Kf7 34. Bh3 Bd4 35. Bxd4 Rxd4 36. Ke3 Rxd3+ 37. Kxd3 Ke7 38. c4 Kd6 39. Bg2 Ne7 40. Bh3 Nf5 41. Bxf5 exf5 42. Kd4 dxc4 43. bxc4 Bc6 44. c5+ Ke6 45. Kc4 Ba4 46. Kd4 Bb5 47. c6 Bxc6 48. Kc5 Bh1 49. Kc4 Kd6 50. Kd4 Bd5 51. Kd3 Kc5 52. Ke3 Kc4 53. Kf2 Kd3 54. Kg3 Ke3 55. Kh2 Kxf4 56. Kg1 Kg3 57. Kf1 f4 58. Ke1 f3 59. Kf1 f2 60. Ke2 Kg2 61. Kd1 0-1

[Event "Germany Countries-chT Youth 2022"]
[Site "Wiesbaden"]
[Date "2022.10.01"]
[Round "1"]
[White "Burlutskaia, Maria"]
[Black "Roessling, Laura Marie"]
[Result "1-0"]
[ECO "C56"]
[WhiteElo "1468"]
[BlackElo "1418"]
[Annotator "NA RC COMBH"]
[PlyCount "109"]
[EventDate "2022.09.28"]
[EventType "team-tourn"]
[EventRounds "7"]
[EventCountry "GER"]
[SourceTitle "playchess.com"]
[Source "ChessBase"]
[SourceQuality "1"]
[TimeControl "40/5400+30:1800+30"]

1. e4 e5 2. Nf3 Nc6 3. d4 exd4 4. Bc4 Nf6 5. O-O Bc5 6. e5 Ne4 7. Bd5 f5 8. exf6 Nxf6 9. Bg5 Be7 10. Bc4 d5 11. Bd3 O-O 12. h3 Ne4 13. Bxe7 Qxe7 14. Re1 Bf5 15. c3 dxc3 16. Nxc3 Rad8 17. Nxd5 Qf7 18. Bc4 Be6 19. Rxe4 Bxd5 20. Bxd5 Rxd5 21. Qe2 Rd6 22. Re1 h6 23. a3 Rg6 24. Kh2 Qd7 25. b4 Qd6+ 26. Kh1 Qd7 27. b5 Na5 28. Ne5 Qf5 29. Nxg6 Qxg6 30. Rg4 Qd6 31. Qb2 Rf6 32. Re3 Kh7 33. Reg3 g6 34. Qa2 Qd1+ 35. Kh2 Qd7 36. Qc2 Qf7 37. Qc3 b6 38. Rd4 Rxf2 39. Rd8 Qg7 40. Qxg7+ Kxg7 41. Rd7+ Rf7 42. Rgd3 Nc4 43. Rxf7+ Kxf7 44. Rc3 Nd6 45. Rxc7+ Kg8 46. a4 h5 47. Rxa7 Kf8 48. a5 bxa5 49. b6 Ke8 50. b7 Nxb7 51. Rxb7 Kd8 52. Kg3 a4 53. Kf4 a3 54. Kg5 a2 55. Ra7 1-0

[Event "Germany Countries-chT Youth 2022"]
[Site "Wiesbaden"]
[Date "2022.10.01"]
[Round "1"]
[White "Huppert, Anna"]
[Black "Vranckx, Oscar"]
[Result "0-1"]
[ECO "D36"]
[WhiteElo "1417"]
[BlackElo "1583"]
[Annotator "NA RC COMBH"]
[PlyCount "80"]
[EventDate "2022.09.28"]
[EventType "team-tourn"]
[EventRounds "7"]
[EventCountry "GER"]
[SourceTitle "playchess.com"]
[Source "ChessBase"]
[SourceQuality "1"]
[TimeControl "40/5400+30:1800+30"]

1. d4 Nf6 2. c4 e6 3. Nf3 Be7 4. Nc3 d5 5. cxd5 exd5 6. Bg5 c6 7. Qc2 Be6 8. e3 h6 9. Bf4 O-O 10. Bd3 Nbd7 11. h3 Rc8 12. O-O c5 13. Bf5 Bxf5 14. Qxf5 cxd4 15. Nxd4 Nc5 16. Be5 Nce4 17. Nxe4 Nxe4 18. Rfd1 Bf6 19. f3 Bxe5 20. fxe4 Qe7 21. exd5 a6 22. Qf2 Rfd8 23. Nf5 Qf6 24. Rd2 Kh7 25. Rad1 g6 26. Ng3 Qxf2+ 27. Kxf2 Bxg3+ 28. Kxg3 Rd6 29. Kf4 f6 30. e4 Re8 31. Rc1 Re7 32. Rc3 Kg7 33. Re3 Re5 34. g4 Kf7 35. Rc2 Rd7 36. Rd3 Ke7 37. Rc8 Rd8 38. Rc4 Rd7 39. b4 Rd6 40. a4 Kd7 0-1

[Event "Germany Countries-chT Youth 2022"]
[Site "Wiesbaden"]
[Date "2022.10.01"]
[Round "1"]
[White "Kellner, Anton"]
[Black "Braeutigam, Katerina"]
[Result "0-1"]
[ECO "E13"]
[WhiteElo "1382"]
[BlackElo "1873"]
[Annotator "NA RC COMBH"]
[PlyCount "25"]
[EventDate "2022.09.28"]
[EventType "team-tourn"]
[EventRounds "7"]
[EventCountry "GER"]
[SourceTitle "playchess.com"]
[Source "ChessBase"]
[SourceQuality "1"]
[TimeControl "40/5400+30:1800+30"]

1. d4 Nf6 2. c4 e6 3. Nf3 b6 4. Nc3 Bb4 5. Bg5 Bb7 6. e3 h6 7. Bh4 c5 8. Bd3 cxd4 9. exd4 O-O 10. O-O Be7 11. Bc2 d5 12. cxd5 Nxd5 13. Bg3 0-1